 Dungeon Crawl Stone Soup version 0.23.2-33-g5129a83184 (webtiles) character file.

Game seed: 6266696799583191266

64 FishyPogo the Ruffian (level 3, -10/28 HPs)
             Began as a Draconian Transmuter on July 29, 2019.
             Mangled by Crazy Yiuf
             ... wielding a +2 quarterstaff of chaos
              (11 damage)
             ... on level 2 of the Dungeon on July 30, 2019.
             The game lasted 00:16:27 (1885 turns).

FishyPogo the Ruffian (Draconian Transmuter)        Turns: 1885, Time: 00:16:28

Health: -10/28     AC:  5    Str: 12    XL:     3   Next: 91%
Magic:  1/6        EV: 12    Int: 14    God:
Gold:   103        SH:  0    Dex: 11    Spells: 3/6 levels left

rFire    . . .     SeeInvis +     - Unarmed
rCold    . . .     Gourm    .   (no shield)
rNeg     . . .     Faith    .   (armour unavailable)
rPois    .         Spirit   .   (helmet restricted)
rElec    .         Reflect  .   (no cloak)
rCorr    .         Harm     .   (no gloves)
MR       .....                  (no boots)
Stlth    ++........             (no amulet)
HPRegen  0.09/turn              g - ring of flight
MPRegen  0.10/turn              o - ring of see invisible

@: no status effects
A: unfitting armour, cold-blooded, AC +5
a: Evoke Flight


You were on level 2 of the Dungeon.
You were very hungry.

You visited 1 branch of the dungeon, and saw 2 of its levels.

You collected 103 gold pieces.

Inventory:

Missiles
 a - 12 arrows
Jewellery
 g - a ring of flight (left hand)
 o - a ring of see invisible (right hand)
Scrolls
 h - 3 scrolls of remove curse {unknown}
 i - a scroll of amnesia {unknown}
 j - a scroll of identify {unknown}
 k - a scroll of blinking {unknown}
 l - a scroll of enchant weapon {unknown}
 q - a scroll of teleportation {unknown}
Potions
 b - a potion of might {unknown}
 e - 2 potions of curing {unknown}
 f - a potion of haste
 m - a potion of cancellation {unknown}
 n - a potion of brilliance {unknown}
 p - a potion of lignification {unknown}
Comestibles
 c - 3 rations


   Skills:
 + Level 1.3 Fighting
 * Level 2.2 Dodging
 * Level 1.3 Stealth
 * Level 3.3 Unarmed Combat
 * Level 2.4 Spellcasting
 * Level 2.6 Transmutations


You had 3 spell levels left.
You knew the following spells:

 Your Spells              Type           Power        Failure   Level  Hunger
a - Beastly Appendage     Tmut           #.....       8%          1    #......
b - Sticks to Snakes      Tmut           #.......     12%         2    ###....

Your spell library contained the following spells:

 Spells                   Type           Power        Failure   Level  Hunger
 Spider Form              Tmut/Pois      #.........   36%         3    ###....
 Ice Form                 Ice/Tmut       #.......     78%         4    #####..
 Blade Hands              Tmut           #.........   91%         5    ######.


Dungeon Overview and Level Annotations

Branches:
Dungeon (2/15)

Altars:

Annotations:
D:2 Crazy Yiuf


Innate Abilities, Weirdness & Mutations

Your plain brown scales are hard. (AC +5)
You cannot fit into any form of body armour.
You are cold-blooded and may be slowed by cold attacks.


Message History

Your ball python constricts Crazy Yiuf.
Crazy Yiuf flaps his cloak.
Crazy Yiuf hits your ball python with a +2 quarterstaff of chaos!
Your ball python dies!
Unknown command.
Crazy Yiuf hits you with a +2 quarterstaff of chaos!
* * * LOW HITPOINT WARNING * * *
Space bends around you.
* * * LOW HITPOINT WARNING * * *
You closely miss Crazy Yiuf.
Crazy Yiuf is severely wounded.
Crazy Yiuf barely misses you.
You hit Crazy Yiuf.
Crazy Yiuf is almost dead.
Crazy Yiuf hits you with a +2 quarterstaff of chaos.
* * * LOW HITPOINT WARNING * * *
You barely miss Crazy Yiuf.
Crazy Yiuf is almost dead.
Crazy Yiuf hits you with a +2 quarterstaff of chaos!
You die...

.#.#####.#.#
♣♣.♣♣ #.#.#
.#.# #.#.#
♣♣.♣ #.#.##
.#.#####.###
♣.♣♣ #....#
.#.........#
♣♣.♣ ###.##
.#######...#
♣.♣♣ ###.#
...........#
##'## #...#
############
#...# #####
#.g.# #)@.#
#####


You could see Crazy Yiuf.

Vanquished Creatures
  An adder (D:2)
  2 worms (D:2)
  3 bats
  A giant cockroach (D:2)
  2 goblins
  9 hobgoblins
  8 jackals
  3 kobolds
  A quokka (D:2)
  A ball python (D:2)
  4 frilled lizards
  3 rats
38 creatures vanquished.

Vanquished Creatures (collateral kills)
  2 worms (D:2)
  A hobgoblin (D:2)
  A rat (D:2)
4 creatures vanquished.

Grand Total: 42 creatures vanquished

Notes
Turn   | Place    | Note
-------+----------+-------------------------------------------
     0 | D:1      | FishyPogo the Draconian Transmuter began the quest for the
                  | Orb.
     0 | D:1      | Reached XP level 1. HP: 16/16 MP: 3/3
   246 | D:1      | Reached XP level 2. HP: 23/23 MP: 3/5
   287 | D:1      | Learned a level 2 spell: Sticks to Snakes
   771 | D:2      | Reached skill level 1 in Stealth
   771 | D:2      | Reached XP level 3. HP: 25/28 MP: 6/6
   969 | D:2      | Found a runed translucent door.
  1696 | D:2      | Noticed Crazy Yiuf
  1884 | D:2      | HP: 1/28 [Crazy Yiuf/+2 quarterstaff of chaos (4)]
  1885 | D:2      | Mangled by Crazy Yiuf

Skill      XL: |  1  2 |
---------------+-------+-----
Dodging        | 2 |  2.2
Stealth        | 1 |  1.3
Fighting       | |  1.3
Unarmed Combat | |  3.3
Spellcasting   | |  2.4
Transmutations | |  2.6

Action                   || total
-------------------------++-------
Melee: Unarmed           ||   138
       Headbutt          ||     3
       Kick              ||     6
       Tailslap          ||    10
       Punch             ||     1
 Cast: Beastly Appendage ||     8
       Sticks to Snakes  ||     9
 Stab: Sleeping          ||     1
  Eat: Chunk             ||     3
Armor: Skin              ||    33
Dodge: Dodged            ||    80
